 Dungeon Crawl Stone Soup version 0.19.0-19-g8c6edcc (webtiles) character file.

116 pichaelthompson the Cudgeler (level 4, -6/30 HPs)
             Began as a Demonspawn Gladiator on Nov 15, 2016.
             Was an Initiate of Hepliaklqana.
             Mangled by a gnoll
             ... wielding a +0 halberd
              (11 damage)
             ... on level 3 of the Dungeon.
             The game lasted 00:14:45 (2548 turns).

pichaelthompson the Cudgeler (Demonspawn Gladiator) Turns: 2548, Time: 00:14:46

Health: -6/30      AC:  7    Str: 16    XL:     4   Next: 70%
Magic:  4/4        EV: 11    Int: 10    God:    Hepliaklqana [......]
Gold:   142        SH:  0    Dex: 13    Spells: 0 memorised, 3 levels left

rFire  x . .     SeeInvis .     a - +0 flail
rCold  + . .     Gourm    .     m - +0 scale mail
rNeg   . . .     Faith    .     (no shield)
rPois  .         Spirit   .     c - +0 helmet
rElec  .         Reflect  .     (no cloak)
rCorr  .         Harm     .     (no gloves)
MR     .....                    (no boots)
Stlth  ..........               (no amulet)
                                (no ring)
                                n - ring of ice

@: no status effects
A: reduced essence, rot immunity
a: Recall Ancestor, Ancestor Identity, Renounce Religion


You were on level 3 of the Dungeon.
You worshipped Hepliaklqana.
Hepliaklqana was noncommittal.
You were hungry.

You visited 1 branch of the dungeon, and saw 3 of its levels.

You collected 142 gold pieces.

Inventory:

Hand Weapons
 a - a +0 flail (weapon)
Missiles
 d - 3 throwing nets (quivered)
Armour
 c - a +0 helmet (worn)
 m - a +0 scale mail (worn)
Jewellery
 n - a ring of ice (left hand)
Wands
 s - a wand of flame (2/48)
Scrolls
 b - 2 scrolls of teleportation
 g - 2 scrolls of recharging {unknown}
 i - a scroll of immolation
 l - 2 scrolls of remove curse {unknown}
 o - a scroll of identify {unknown}
Potions
 h - a potion of lignification {unknown}
 k - a potion of agility {unknown}
 p - a potion of ambrosia {unknown}
Comestibles
 f - 6 bread rations
 j - 2 meat rations
 q - a slice of pizza
 r - 4 fruits


   Skills:
 + Level 2.5 Fighting
 + Level 3.7 Maces & Flails
 + Level 2.0 Throwing
 + Level 1.3 Armour
 + Level 3.4 Dodging


You had 3 spell levels left.
You didn't know any spells.

Dungeon Overview and Level Annotations

Branches:
Dungeon (3/15)

Altars:
Hepliaklqana


Innate Abilities, Weirdness & Mutations

You are immune to rotting.
Your life essence is reduced. (-10% HP)


Message History

You kill the gnoll!
The gnoll barely misses you. The gnoll hits you but does no damage.
Djefatnebti is still trapped in memory!
Unknown command.
You sock the frilled lizard!
You kill the frilled lizard!
The gnoll closely misses you. The gnoll barely misses you.
Remember Djefatnebti's name as what?
Djefatnebti
Okay, then.
Was Djefatnebti a) male, b) female, or c) neither? (Currently female.)
Okay, then.
The gnoll barely misses you. The gnoll hits you with a spear.
The gnoll hits you from afar with a halberd.
* * * LOW HITPOINT WARNING * * *
You completely miss the gnoll.
The gnoll is severely wounded.
The gnoll barely misses you.
The gnoll hits you from afar with a halberd!
You die...

...............
...............
...............
.........g<.... ####
.........###### ###..#
......#)†.##### ##...##
...l...#).g..g# #...##
.......#.####g# ###.#.#
.......#.####@#####.....#
.......#...#..........###
.......###.....<......#
.>....# ###....>.....#
.....# #....).....#
#..........# #..........#
######.##.## #.#..#


You could see 2 gnolls.

Vanquished Creatures
  A gnoll (D:3)
  2 adders (D:2)
  2 oozes (D:2)
  A worm (D:2)
  3 dart slugs
  5 orcs (D:3)
  2 ball pythons (D:2)
  6 bats
  2 giant cockroaches (D:1)
  4 goblins
  7 hobgoblins
  9 jackals
  4 kobolds
  A quokka (D:2)
  6 frilled lizards
  4 rats
59 creatures vanquished.

Vanquished Creatures (collateral kills)
  3 bats (D:2)
  A jackal (D:2)
  A rat (D:2)
5 creatures vanquished.

Vanquished Creatures (others)
  An ancestor (D:3)
1 creature vanquished.

Grand Total: 65 creatures vanquished

Notes
Turn   | Place    | Note
-------+----------+-------------------------------------------
     0 | D:1      | pichaelthompson the Demonspawn Gladiator began the quest for the Orb.
     0 | D:1      | Reached XP level 1. HP: 16/16 MP: 1/1
   297 | D:1      | Gained mutation: You are immune to rotting. [demonic ancestry]
   297 | D:1      | Reached XP level 2. HP: 20/22 MP: 2/2
  1395 | D:2      | Reached XP level 3. HP: 25/27 MP: 3/3
  1920 | D:2      | Found a hazy altar of Hepliaklqana.
  1981 | D:2      | Became a worshipper of Hepliaklqana the Forgotten
  2002 | D:2      | Reached XP level 4. HP: 29/30 MP: 4/4
  2027 | D:2      | Reached skill level 1 in Armour
  2534 | D:3      | HP: 1/30 [gnoll (4)]
  2548 | D:3      | Mangled by a gnoll

Skill      XL: |  1  2  3  4 |
---------------+-------------+-----
Maces & Flails | 3 |  3.7
Throwing       | 2 |  2.0
Dodging        | 3 |  3.4
Armour         | 1 |  1.3
Fighting       | |  2.5

Action                   |  1- 3 |  4- 6 || total
-------------------------+-------+-------++-------
Melee: Flail             |   173 |    55 ||   228
Invok: Ancestor Identity |       |     1 ||     1
  Use: Scroll            |     1 |     1 ||     2
       Potion            |       |     2 ||     2
  Eat: Chunk             |     3 |     2 ||     5
Armor: Ring mail         |     8 |       ||     8
       Scale mail        |   137 |    47 ||   184
Dodge: Dodged            |   144 |    73 ||   217
